AoeStats
← timmywang50301

Arabia

509855670Analyzed
1v1 RM · 3d ago on Sep 28, 2026· 30m 0s· 2 players
Game mode
Random Map
Map size
Tiny (2 player)
Population
200
Speed
Normal
Resources
Standard
Victory
Conquest
Starting age
Dark Age
Ending age
Imperial Age
RankedLock teamsTeams togetherTeam positionsShared explorationLock speedFull tech treeHidden civsTurbo modeCheats
Victory
Defeat
🇸🇪 Magyars · Sweden
925
+15
🇹🇼 Inca · Taiwan
911
-15
timmywang50301
12:08 Feudal Age
13:22 Loom
21:15 Castle Age
25:26 Double-Bit Axe
25:25 Horse Collar
26:05 Pikeman
Henrik
9:05 Loom
11:18 Feudal Age
14:51 Double-Bit Axe
17:32 Bloodlines
17:31 Horse Collar
19:57 Scale Barding Armor
25:29 Castle Age
24:59 Gold Mining
25:31 Fletching
25:57 Light Cavalry
26:40 Husbandry
27:14 Chain Barding Armor
27:34 Bow Saw
27:27 Heavy Plow
Connection lost

Rejoining the realm…

Still unreachable

The connection could not be restored.

Session expired

The server has moved on; the page needs a fresh start.